 Dungeon Crawl Stone Soup version 0.19-a0-1678-g8ce114c (webtiles) character file.

121 Arkorax the Ducker (level 4, -4/37 HPs)
             Began as a Draconian Wanderer on Sept 24, 2016.
             Slain by Sigmund
             ... wielding a +0 scythe
              (5 damage)
             ... on level 2 of the Dungeon.
             The game lasted 00:02:05 (2828 turns).

Arkorax the Ducker (Draconian Wanderer)             Turns: 2828, Time: 00:02:06

Health: -4/37      AC:  5    Str: 14    XL:     4   Next: 76%
Magic:  4/4        EV: 13    Int: 14    God:
Gold:   116        SH:  0    Dex: 10    Spells: 0 memorised, 3 levels left

rFire  . . .     SeeInvis .     g - +1 dagger (venom)
rCold  . . .     Gourm    .     (armour unavailable)
rNeg   . . .     Faith    .     (no shield)
rPois  .         Spirit   .     (helmet restricted)
rElec  .         Dismiss  .     (no cloak)
rCorr  .         Reflect  .     (no gloves)
MR     .....     Harm     .     (no boots)
Stlth  +.........               n - amulet of regeneration
                                (no ring)
                                (no ring)

@: confused
A: unfitting armour, cold-blooded, AC +5
a: no special abilities


You were on level 2 of the Dungeon.
You were not hungry.

You visited 1 branch of the dungeon, and saw 2 of its levels.

You collected 116 gold pieces.

Inventory:

Hand Weapons
 a - a +2 dagger
 g - a +1 dagger of venom (weapon)
   (You took it off a kobold on level 1 of the Dungeon)
Jewellery
 n - an amulet of regeneration (around neck)
 Y - an uncursed amulet of the gourmand {unknown}
Scrolls
 b - a scroll of blinking
 d - 3 scrolls of teleportation {!r}
 h - 2 scrolls of identify {unknown}
 j - a scroll of immolation {unknown}
 k - 2 scrolls of magic mapping {unknown}
 l - a scroll of remove curse {unknown}
 p - a scroll of recharging {unknown}
 q - a scroll of enchant weapon {unknown}
Potions
 c - 2 potions of flight {unknown}
 e - 2 potions of ambrosia {unknown}
 i - a potion of degeneration {unknown}
 m - a potion of brilliance {unknown}
 o - 2 potions of curing {unknown}
Comestibles
 f - a bread ration {!e}


   Skills:
 + Level 2.3 Fighting
 * Level 2.9 Short Blades
 + Level 3.6 Dodging
 - Level 1.0 Stealth
   Level 1.0 Shields
   Level 3.0 Translocations
   Level 1.0 Evocations


You had 3 spell levels left.
You didn't know any spells.

Dungeon Overview and Level Annotations

Branches:
Dungeon (2/15)

Altars:

Annotations:
D:2 Sigmund


Innate Abilities, Weirdness & Mutations

Your plain brown scales are hard. (AC +5)
Your body does not fit into most forms of armour.
You are cold-blooded and may be slowed by cold attacks.


Message History

There are monsters nearby!
Damage: 1 (max 1)
You hit the kobold but do no damage.
The kobold is poisoned.
The kobold closely misses you.
There are monsters nearby!
You hit the kobold but do no damage.
The kobold looks as sick as possible!
There are monsters nearby!
You hit the kobold.
The kobold looks as sick as possible!
The kobold is heavily wounded.
The kobold hits you.
Damage: 2 (max 2)
You barely miss the kobold.
The kobold is severely wounded.
You kill the kobold!
Sigmund mumbles some strange words.
Sigmund flickers and vanishes!
Deactivating autopickup; reactivate with Ctrl-A.
You closely miss the leopard gecko. The leopard gecko barely misses you.
You miss the leopard gecko. You tail-slap the leopard gecko.
The leopard gecko is heavily wounded.
Something hits you. The leopard gecko bites you.
Damage: 3 (max 3)
You hit the leopard gecko.
The leopard gecko is poisoned.
The leopard gecko is almost dead.
You kill the leopard gecko!
Something completely misses you.
Things that are here:
2 stones; a leopard gecko corpse; a kobold corpse You hit something.
Something hits you.
Damage: 4 (max 4)
You miss something. You barely miss something.
You hear some strange, mumbled words.
A magic dart appears from out of thin air!
The magic dart hits you!
Damage: 7 (max 7)
You barely miss something. Something hits you!
* * * LOW HITPOINT WARNING * * *
You hit something. You hit something.
You hear some strange, mumbled words.
You are confused.
Damage: 6 (max 7) You're too confused to move!
Something hits you!
* * * LOW HITPOINT WARNING * * *
You hit something.
Your tail-slap misses something.
You bump into the rock wall.
Something hits you!
* * * LOW HITPOINT WARNING * * *
You're too confused to move!
Something hits you.
You die...

.............##.#
#.#####...†.....#
......#..###.####
#.###.#..# #.#
#.# #.#†.# #.#
#.###.#..# #.# #
.........# #.#
..# #.###.#.##
#.######..... #.#
#.#.#
#(...@{...... #.#
#.#.#
########.....
.######## ..#
.#.....# #
##.###.# .#.#.#.#
...#.#.# .#...#.#
######.#######


There were no monsters in sight!

Vanquished Creatures
  Ijyb (D:2)
  A gnoll (D:1)
  3 adders (D:2)
  2 oozes (D:2)
  4 worms (D:2)
  A dart slug (D:2)
  A leopard gecko (D:2)
  6 bats
  A giant cockroach (D:2)
  5 hobgoblins
  A quokka (D:2)
  2 ball pythons
  2 frilled lizards (D:2)
  4 goblins
  7 kobolds
  3 rats
44 creatures vanquished.

Notes
Turn   | Place    | Note
-------+----------+-------------------------------------------
     0 | D:1      | Arkorax the Draconian Wanderer began the quest for the Orb.
     0 | D:1      | Arkorax set off with: a +2 dagger, a scroll of blinking, a potion of lignification {!q}, a scroll of teleportation {!r}, a bread ration {!e}
     0 | D:1      | Reached XP level 1. HP: 16/16 MP: 1/1
     0 | D:1      | Arkorax: yea haha
   130 | D:1      | Reached skill level 1 in Short Blades
   130 | D:1      | Reached XP level 2. HP: 10/23 MP: 2/2
   567 | D:1      | Reached skill level 3 in Dodging
   617 | D:1      | Thael: do you like to read?
   645 | D:1      | Arkorax: not anymore :/
   645 | D:1      | Arkorax: read a lot
   645 | D:1      | Arkorax: then sorta stopped
  1089 | D:1      | Thael: ever heard of "Ready Player One" ?
  1118 | D:2      | Arkorax: nope
  1118 | D:2      | Arkorax: what is it :)?
  1137 | D:2      | Reached XP level 3. HP: 22/28 MP: 3/3
  1579 | D:2      | Reached skill level 2 in Short Blades
  1836 | D:2      | Found a faded altar of an unknown god.
  1963 | D:2      | HP: 6/29 [worm (10)]
  1969 | D:2      | Reached skill level 2 in Fighting
  1970 | D:2      | HP: 6/29 [bat (1)]
  1997 | D:2      | HP: 6/29 [bat (1)]
  2286 | D:2      | Reached XP level 4. HP: 25/36 MP: 4/4
  2324 | D:2      | Noticed Ijyb
  2335 | D:2      | Killed Ijyb
  2810 | D:2      | Noticed Sigmund
  2825 | D:2      | HP: 8/37 [something (11)]
  2827 | D:2      | HP: 1/37 [something (8)]
  2828 | D:2      | Slain by Sigmund

Vault maps used:
D:1:      minmay_arrival_statue_studded, kennysheep_decorative_pillar
D:2:      mumra_celtic_spiral_tile, ecumenical_altar_2, uniq_sigmund, uniq_iyjb

Skill      XL: |  1  2  3 |
---------------+----------+-----
Short Blades   | 1 2 |  2.9
Dodging        | 3 |  3.6
Fighting       | 2 |  2.3
Stealth        | |  1.0
Shields        | |  1.0
Translocations | |  3.0
Evocations     | |  1.0

Action                   |  1- 3 |  4- 6 || total
-------------------------+-------+-------++-------
Melee: Dagger            |   122 |    48 ||   170
       Tailslap          |     7 |     6 ||    13
  Use: Potion            |     1 |       ||     1
 Stab: Sleeping          |     1 |     3 ||     4
  Eat: Chunk             |     2 |       ||     2
       Bread ration      |     1 |       ||     1
Armor: Skin              |    41 |     7 ||    48
Dodge: Dodged            |    80 |    27 ||   107

Table legend:
 A = Turns spent in this place as a percentage of turns spent in the entire game.
 B = Non-inter-level travel turns spent in this place as a percentage of non-inter-level travel turns spent in the entire game.
 C = Inter-level travel turns spent in this place as a percentage of turns spent in this place.
 D = Turns resting spent in this place as a percentage of non-inter-level travel turns spent in this place.
 E = Turns spent auto-exploring this place as a percentage of non-inter-level travel turns spent in this place.
 F = Non-inter-level travel turns spent in this place divided by the number of levels of this place that you've seen.
                   A       B       C       D       E      F
               +-------+-------+-------+-------+-------+----------------------
         Total | 100.0 | 100.0 |   0.4 |   3.5 |  10.7 | 345.0
       Dungeon | 100.0 | 100.0 |   0.4 |   3.5 |  10.7 | 345.0
               +-------+-------+-------+-------+-------+----------------------

Vault maps used:
D:1:      minmay_arrival_statue_studded, kennysheep_decorative_pillar
D:2:      mumra_celtic_spiral_tile, ecumenical_altar_2, uniq_sigmund, uniq_iyjb
